 Dungeon Crawl Stone Soup version 0.29-a0-19-gef7f3e67aa (webtiles) character file.

Game seed: 11667961743690681046

55 Gargoyl the Skirmisher (level 3, -7/35 HPs)
             Began as a Gnoll Abyssal Knight on Jan 29, 2022.
             Was a Follower of Lugonu.
             Mangled by Crazy Yiuf (15 damage)
             ... on level 2 of the Dungeon.
             The game lasted 00:02:35 (2884 turns).

Gargoyl the Skirmisher (Gnoll Abyssal Knight)       Turns: 2884, Time: 00:02:36

Health: -7/35      AC: 10    Str: 14    XL:     3   Next: 93%
Magic:  6/6        EV:  7    Int:  9    God:    Lugonu [*.....]
Gold:   58         SH:  0    Dex: 12    Spells: 4/4 levels left

rFire   . . .      SeeInvis .   c - +1 dagger (speed)
rCold   . . .      Faith    .   (no shield)
rNeg    . . .      Spirit   .   e - +0 chain mail
rPois   .          Reflect  .   (no helmet)
rElec   .          Harm     .   b - +0 cloak
rCorr   .          Rampage  .   (no gloves)
Will    .....                   (no boots)
Stlth   ..........              (no amulet)
HPRegen 0.11/turn               (no ring)
MPRegen 0.10/turn               (no ring)

@: lethally poisoned (-7 -> -16), hasted, very quick
A: fangs 1, strong nose, distributed training
a: Renounce Religion, Depart the Abyss


You were on level 2 of the Dungeon.
You worshipped Lugonu.
Lugonu was aware of your devotion.
You visited 1 branch of the dungeon, and saw 2 of its levels.
You visited the Abyss 1 time.

You collected 58 gold pieces.

Inventory:

Hand Weapons
 a - a +1 hand axe
 c - a +1 dagger of speed (weapon)
Armour
 b - a +0 cloak (worn)
 e - a +0 chain mail (worn)


   Skills:
 + Level 6.5 Fighting
 + Level 1.0 Short Blades
 + Level 1.0 Long Blades
 + Level 4.6 Axes
 + Level 1.0 Maces & Flails
 + Level 1.0 Polearms
 + Level 1.0 Staves
 + Level 1.0 Slings
 + Level 1.0 Bows
 + Level 1.0 Crossbows
 + Level 1.0 Throwing
 + Level 4.6 Armour
 + Level 2.6 Dodging
 + Level 1.0 Stealth
 + Level 1.0 Shields
 + Level 1.0 Unarmed Combat
 + Level 1.0 Spellcasting
 + Level 0.7 Conjurations
 + Level 0.7 Hexes
 + Level 0.7 Summonings
 + Level 0.7 Necromancy
 + Level 0.7 Translocations
 + Level 0.7 Transmutations
 + Level 0.7 Fire Magic
 + Level 0.7 Ice Magic
 + Level 0.7 Air Magic
 + Level 0.7 Earth Magic
 + Level 0.7 Poison Magic
 + Level 4.6 Invocations
 + Level 1.0 Evocations


You had 4 spell levels left.
You didn't know any spells.
Your spell library was empty.

Dungeon Overview and Level Annotations

Branches:
Dungeon (2/15)

Altars:

Annotations:
D:2 Crazy Yiuf


Innate Abilities, Weirdness & Mutations

You have very sharp teeth.
Your uncanny sense of smell can sniff out nearby items.
Your experience applies equally to all skills.


Message History

The endoplasm barely misses you.
You hit the endoplasm.
You kill the endoplasm!
Lugonu accepts your kill.
Key pressed, stopping explore.
Crazy Yiuf shouts!
You open the door.
Crazy Yiuf laughs, "Iron meccalolo broken!"
Crazy Yiuf drinks a potion.
Crazy Yiuf flickers and vanishes!
Deactivating autopickup; reactivate with Ctrl-A.
Throw: 3 javelins
Press: ? - help, Q - select action, (/) - cycle Shift-Dir - straight line You throw a javelin.
Throw: 2 javelins
Press: ? - help, Q - select action, (/) - cycle Shift-Dir - straight line You throw a javelin.
Something hits you but does no damage.
Throw: javelin
Press: ? - help, Q - select action, (/) - cycle Shift-Dir - straight line You throw a javelin.
Something hits you. Something burns you.
It was a potion of haste.
You feel yourself speed up. Something hits you.
You are poisoned.
You closely miss something.
You feel sick. Something hits you.
You miss something.
You feel sick.
You miss something. Something hits you.
You barely miss something.
You feel sick.
You hit something.
You feel sick. Something hits you.
You are more poisoned.
You hit something. Your bite misses something.
You feel sick.
You miss something.
You feel sick.
You hit something.
You feel sick. Something hits you.
* * * LOW HITPOINT WARNING * * *
You closely miss something.
* * * LOW HITPOINT WARNING * * *
You feel sick.
You hit something.
* * * LOW HITPOINT WARNING * * *
You feel sick. Something hits you!
You die...

####....## #..#.#
#. #....# ###..#.#
#. #....#
##.#..#.###. ##...#
#........... ##.##
##.#........ ##.#
##.#........ #.##
#..#.)#####. ##.#
#..#..# #. #@##
#..#<.#####. #{#
#..#........ ...
#..#........ #...#
#..#.######. #)(.#
#....#....#. #####
#..#.#.##.#.
##.#.#.##.#. ###
### #..........
#.###.###.#..#...#.


There were no monsters in sight!

Vanquished Creatures
  An adder (D:2)
  A worm (D:2)
  3 dart slugs
  3 ball pythons
  7 endoplasms
  2 goblins
  6 hobgoblins
  A quokka (D:1)
  5 bats
  2 frilled lizards
  2 kobolds
  3 rats
36 creatures vanquished.

Notes
Turn   | Place    | Note
-------+----------+-------------------------------------------
     0 | Abyss:1  | Gargoyl the Gnoll Abyssal Knight began the quest for the
                  | Orb.
     0 | Abyss:1  | Reached XP level 1. HP: 23/23 MP: 3/3
    61 | Abyss:1  | Noticed a phantasmal warrior
    75 | Abyss:1  | Noticed a neqoxec
    76 | D:1      | Escaped the Abyss
   196 | D:1      | Reached XP level 2. HP: 28/29 MP: 5/5
   669 | D:1      | HP: 1/29 [hobgoblin (2)]
   965 | D:1      | Found a faded altar of an unknown god.
   982 | D:1      | Reached * piety under Lugonu
  1268 | D:1      | Reached XP level 3. HP: 32/35 MP: 6/6
  1808 | D:2      | Noticed a necrophage
  2354 | D:2      | Reached skill level 1 in Short Blades
  2354 | D:2      | Reached skill level 1 in Long Blades
  2354 | D:2      | Reached skill level 1 in Maces & Flails
  2354 | D:2      | Reached skill level 1 in Polearms
  2354 | D:2      | Reached skill level 1 in Staves
  2354 | D:2      | Reached skill level 1 in Slings
  2354 | D:2      | Reached skill level 1 in Bows
  2354 | D:2      | Reached skill level 1 in Crossbows
  2354 | D:2      | Reached skill level 1 in Throwing
  2354 | D:2      | Reached skill level 1 in Stealth
  2354 | D:2      | Reached skill level 1 in Shields
  2354 | D:2      | Reached skill level 1 in Unarmed Combat
  2354 | D:2      | Reached skill level 1 in Spellcasting
  2354 | D:2      | Reached skill level 1 in Evocations
  2407 | D:2      | Found a runed translucent door.
  2408 | D:2      | Noticed Crazy Yiuf
  2884 | D:2      | Mangled by Crazy Yiuf

Illustrated notes

Levels and vault maps discovered:
D:1:      kilobyte_arrival_exit_the_forest, layout_basic,
          chequers_ecumenical_altar_simple_redux
D:2:      layout_basic, minmay_misc_feat_rugged, uniq_crazy_yiuf_cottage

Skill      XL: |  1  2  3 |
---------------+----------+-----
Short Blades   | 1 |  1.0
Long Blades    | 1 |  1.0
Maces & Flails | 1 |  1.0
Polearms       | 1 |  1.0
Staves         | 1 |  1.0
Slings         | 1 |  1.0
Bows           | 1 |  1.0
Crossbows      | 1 |  1.0
Throwing       | 1 |  1.0
Stealth        | 1 |  1.0
Shields        | 1 |  1.0
Unarmed Combat | 1 |  1.0
Spellcasting   | 1 |  1.0
Evocations     | 1 |  1.0
Fighting       | |  6.5
Axes           | |  4.6
Armour         | |  4.6
Dodging        | |  2.6
Conjurations   | |  0.7
Hexes          | |  0.7
Summonings     | |  0.7
Necromancy     | |  0.7
Translocations | |  0.7
Transmutations | |  0.7
Fire Magic     | |  0.7
Ice Magic      | |  0.7
Air Magic      | |  0.7
Earth Magic    | |  0.7
Poison Magic   | |  0.7
Invocations    | |  4.6

Action                   || total
-------------------------++-------
Melee: Hand axe          ||    26
       Dagger            ||   110
       Bite              ||    11
       Punch             ||     2
Throw: Javelin           ||     6
Invok: Depart the Abyss  ||     1
  Use: Scroll            ||     6
       Potion            ||     2
Armor: Leather armour    ||    21
       Chain mail        ||    43
Dodge: Dodged            ||    64

Table legend: (Time is in decaauts)
 A = Elapsed time spent in this place.
 B = Non-inter-level travel time spent in this place.
 C = Inter-level travel time spent in this place.
 D = Time resting spent in this place.
 E = Time spent auto-exploring this place.
 F = Levels seen in this place.
 G = Mean time per level.
                   A        B        C        D        E       F      G
               +--------+--------+--------+--------+--------+-----+--------+
         Total |   2853 |   2781 |     72 |      0 |   2381 |   3 |  951.0 |
       Dungeon |   2777 |   2705 |     72 |      0 |   2321 |   2 | 1388.5 |
         Abyss |     76 |     76 |      0 |      0 |     60 |   1 |   76.0 |
               +--------+--------+--------+--------+--------+-----+--------+

Top non-repeatable levels by time:
     D:1: 1559 daAuts
     D:2: 1217 daAuts
 Abyss:1: 76 daAuts
